[Event "Titled Tuesday Blitz January 25 2022"]
[White "Noboa Silva, Kevin"]
[Black "Gaehwiler, Gabriel"]
[WhiteFideId "3618471"]
[BlackFideId "1314530"]
[WhiteElo "2161"]
[BlackElo "2383"]
[Result "0-1"]
[Round "09"]
[TimeControl "180+1"]
[Date "2022.01.26"]
[WhiteClock "0:00:06"]
[BlackClock "0:00:19"]

1. d4 Nf6 2. c4 g6 3. Nc3 Bg7 4. e4 O-O 5. h3 d6 6. Bg5 Na6 7. Bd3 e5 8. d5 Nc5 9. Bc2 a5 10. Nge2 Qe8 11. g4 c6 12. Ng3 cxd5 13. cxd5 b5 14. O-O Ba6 15. f3 b4 16. Nce2 Qb5 17. Qd2 Rac8 18. Rad1 b3 19. Bb1 bxa2 20. Bxa2 Nd3 21. Rb1 Nb4 22. Bb3 Nd3 23. Bd1 Qb4 24. Qxb4 axb4 25. Ba4 Nc5 26. Bc6 Bd3 27. Ra1 Rc7 28. Rfd1 Bc2 29. Rf1 Nd3 30. Ra6 Nc5 31. Ra5 Rfc8 32. Be3 Nb3 33. Rb5 Nd4 34. Nxd4 exd4 35. Bxd4 Bd3 36. Rxb4 Bxf1 37. Nxf1 Nd7 38. Bxg7 Kxg7 39. f4 Nc5 40. Nd2 Nd3 41. Rb6 Nxf4 42. Kh2 Re7 43. b4 Nd3 44. b5 Nc5 45. Kg3 Rd8 46. Kf3 h6 47. h4 g5 48. hxg5 hxg5 49. Ke3 Rh8 50. Kd4 Rh3 51. Kc4 Rd3 52. e5 Rxd2 53. exd6 Re4+ 54. Kxc5 Rc2# 0-1


[Site "https://www.chess.com"]

[Event "Titled Tuesday Blitz January 25 2022"]
[White "Obolenskikh, Dmitry"]
[Black "Hasangatin, Ramil"]
[WhiteFideId "4156013"]
[BlackFideId "4122160"]
[WhiteElo "2512"]
[BlackElo "2375"]
[Result "1-0"]
[Round "09"]
[TimeControl "180+1"]
[Date "2022.01.26"]
[WhiteClock "0:00:21"]
[BlackClock "0:00:07"]

1. Nf3 d6 2. d4 Bg4 3. e4 Nf6 4. Nc3 e6 5. h3 Bxf3 6. Qxf3 c6 7. Bd3 d5 8. e5 Nfd7 9. Ne2 c5 10. c3 Nc6 11. a3 Qb6 12. Qe3 a5 13. O-O h5 14. Kh1 g6 15. Rb1 h4 16. b3 Be7 17. Bd2 cxd4 18. cxd4 Bxa3 19. Qf4 Be7 20. Be3 Nb4 21. Rfd1 Nxd3 22. Rxd3 Rc8 23. Rdd1 Kf8 24. Ng1 Kg7 25. Nf3 Rh5 26. Qg4 Qd8 27. Rdc1 Rc6 28. Rxc6 bxc6 29. Rc1 Qb6 30. Bg5 Bxg5 31. Nxg5 Rh8 32. Qf4 Rf8 33. Qxh4 Rh8 34. Qf4 Rf8 35. Rc3 Qd8 36. Qxf7+ Rxf7 37. Nxe6+ Kh6 38. Nxd8 Rxf2 39. Nxc6 Nf8 40. Rf3 Rxf3 41. gxf3 Ne6 42. Kg2 g5 43. Kf2 Kh5 44. Ke3 Kh4 45. Nxa5 Kxh3 46. Nc6 Ng7 47. Ne7 g4 48. fxg4 Kxg4 49. Nxd5 Nf5+ 50. Ke4 Ng3+ 51. Kd3 Kf5 52. Ne3+ Ke6 53. b4 Nh5 54. b5 Kd7 55. d5 1-0


[Site "https://www.chess.com"]

[Event "Titled Tuesday Blitz January 25 2022"]
[White "Ocelak, Jakub"]
[Black "Agasarov, Benik"]
[WhiteFideId "23707933"]
[BlackFideId "13314823"]
[WhiteElo "2048"]
[BlackElo "2584"]
[Result "0-1"]
[Round "09"]
[TimeControl "180+1"]
[Date "2022.01.26"]
[WhiteClock "0:00:01"]
[BlackClock "0:01:22"]

1. d4 d5 2. Bf4 h5 3. Nf3 Nf6 4. e3 c6 5. Bd3 Bg4 6. h3 Bxf3 7. Qxf3 e6 8. Nd2 Bd6 9. Bg5 Nbd7 10. O-O-O e5 11. e4 exd4 12. exd5 Ne5 13. Qe2 O-O 14. Bf5 cxd5 15. Nf3 Nxf3 16. Qxf3 Be7 17. Rhe1 Ne4 18. Bxe7 Qxe7 19. Rxd4 Qg5+ 20. Kd1 Qf6 21. c3 Ng5 22. Qf4 Ne6 23. Bxe6 fxe6 24. Qxf6 Rxf6 25. f3 Kf7 26. Re5 g6 27. Rb4 b6 28. a4 Rf5 29. Re2 g5 30. Kd2 Kf6 31. Kd3 Rf4 32. Rc2 Rc8 33. Rxf4+ gxf4 34. b3 e5 35. Ra2 a6 36. c4 Ke6 37. Rc2 Kd6 38. cxd5 Rxc2 39. Kxc2 Kc5 40. Kd3 Kxd5 41. b4 a5 42. bxa5 bxa5 43. h4 Kd6 44. Kc4 Kc6 45. Kd3 Kd5 46. Kc3 Kc5 47. Kd3 Kb4 48. Ke4 Kxa4 49. Kxe5 Kb3 50. Kxf4 a4 51. Kg5 a3 52. Kxh5 a2 53. g4 a1=Q 54. g5 Qh8+ 55. Kg4 Kc4 56. f4 Kd5 57. h5 Ke4 58. h6 Qh7 59. Kh5 Kf5 60. Kh4 Kxf4 61. Kh5 Qf5 62. h7 Qxh7# 0-1


[Site "https://www.chess.com"]

[Event "Titled Tuesday Blitz January 25 2022"]
[White "Ozates, Tuna"]
[Black "Kretov, Evgenij"]
[WhiteFideId "6354521"]
[BlackFideId "4167821"]
[WhiteElo "1872"]
[BlackElo "2303"]
[Result "0-1"]
[Round "09"]
[TimeControl "180+1"]
[Date "2022.01.26"]
[WhiteClock "0:00:00"]
[BlackClock "0:00:19"]

1. e4 c5 2. Nf3 Nc6 3. Bb5 g6 4. Bxc6 bxc6 5. O-O Bg7 6. c3 Nf6 7. Re1 c4 8. b3 d5 9. bxc4 dxc4 10. Na3 Be6 11. Qa4 O-O 12. Nxc4 c5 13. Nce5 Qc7 14. Ba3 c4 15. Rab1 Rfc8 16. Qb4 Rab8 17. Qxe7 Qxe7 18. Bxe7 Rxb1 19. Rxb1 Nxe4 20. Rb2 f6 21. d3 cxd3 22. Nxd3 Rxc3 23. Nde1 Rc7 24. Bb4 Rb7 25. a3 a5 26. Bc3 Rxb2 27. Bxb2 Bf8 28. Nd4 Bd7 29. Nef3 Kf7 30. Kf1 Nd6 31. Bc3 Nc4 32. Nb3 a4 33. Na5 Nxa5 34. Bxa5 Bxa3 35. Ke2 Bb2 36. Kd3 a3 37. Kc2 Bf5+ 38. Kb3 Be6+ 39. Kc2 Ke7 40. Nd2 Bd4 41. Bb4+ Kf7 42. Bxa3 Bxf2 43. Kd3 Bd5 44. Ke2 Bg1 45. Nf3 Bb6 46. h3 Bc4+ 47. Ke1 Ke6 48. Bb2 Kf5 49. Nd4+ Ke4 50. Ne2 Bd8 51. Kf2 h5 52. Ng3+ Kd3 53. Kf3 h4 54. Ne2 Bd5+ 55. Kf2 g5 56. Ng1 Bb6+ 57. Kf1 Kc2 0-1


[Site "https://www.chess.com"]

[Event "Titled Tuesday Blitz January 25 2022"]
[White "Padmini, Rout"]
[Black "Domingo Nunez, Alejandro"]
[WhiteFideId "5029295"]
[BlackFideId "22245561"]
[WhiteElo "2181"]
[BlackElo "2215"]
[Result "1-0"]
[Round "09"]
[TimeControl "180+1"]
[Date "2022.01.26"]
[WhiteClock "0:00:51"]
[BlackClock "0:00:04"]

1. Nf3 g6 2. g3 Bg7 3. d4 d6 4. Bg2 Nf6 5. O-O O-O 6. b3 Nbd7 7. Bb2 c5 8. c4 Rb8 9. Nc3 a6 10. d5 b5 11. Nd2 Ne5 12. Rb1 Qa5 13. Qc1 bxc4 14. bxc4 Rb4 15. a3 Rxc4 16. f4 Rd4 17. fxe5 Bh6 18. exf6 Bxd2 19. Qc2 Be3+ 20. Kh1 Bf5 21. Rxf5 gxf5 22. Qxf5 Rb8 23. Be4 Rxe4 24. Nxe4 Qa4 25. Qg4+ Kf8 26. fxe7+ Ke8 27. Nf6+ Kxe7 28. Qxa4 1-0


[Site "https://www.chess.com"]

[Event "Titled Tuesday Blitz January 25 2022"]
[White "Pakleza, Zbigniew"]
[Black "Yurovskykh, Oleksandr"]
[WhiteFideId "1119290"]
[BlackFideId "14134020"]
[WhiteElo "2467"]
[BlackElo "2292"]
[Result "1-0"]
[Round "09"]
[TimeControl "180+1"]
[Date "2022.01.26"]
[WhiteClock "0:00:18"]
[BlackClock "0:00:25"]

1. d4 d5 2. Bf4 c5 3. c3 Nc6 4. e3 Nf6 5. Nd2 Bf5 6. Ngf3 e6 7. Qb3 Qc8 8. Ne5 Be7 9. Bb5 O-O 10. Bxc6 bxc6 11. Qa4 cxd4 12. Nxc6 Qd7 13. Nxe7+ Qxe7 14. Qxd4 Qb7 15. b3 Qa6 16. Be5 Ne8 17. c4 f6 18. Bg3 Rd8 19. O-O e5 20. Qc3 dxc4 21. Qxc4+ Qxc4 22. Nxc4 Nd6 23. Na5 Rc8 24. Rfc1 Kf7 25. f3 Bd3 26. e4 Nb5 27. Bf2 a6 28. h4 Nc3 29. Kh2 Ne2 30. Rd1 Rfd8 31. Rd2 Bb5 32. Rad1 Rxd2 33. Rxd2 Nf4 34. a4 Be8 35. Be3 Ne6 36. Rd6 Ra8 37. Rb6 Bd7 38. Rb7 Ke8 39. Nc4 Nd8 40. Rxd7 Kxd7 41. Nb6+ Kc6 42. Nxa8 Ne6 43. Nb6 g6 44. Nc4 f5 45. Nxe5+ Kd6 46. Nc4+ Kc6 47. exf5 gxf5 48. g4 fxg4 49. fxg4 Nc7 50. Kg3 Nd5 51. Bd2 Nf6 52. Kf4 Nd5+ 53. Ke5 Ne7 54. h5 Ng8 55. g5 Kc5 56. Ke6 a5 57. Kf7 Nh6+ 58. gxh6 Kd4 59. Kg7 Kd3 60. Kxh7 Kc2 61. Nxa5 Kb1 62. Nb7 Ka2 63. a5 Kb1 64. a6 Ka2 65. b4 Kb1 66. b5 Kc2 67. b6 Kd3 68. Bf4 Ke4 69. Bb8 Kd5 70. Ba7 Kc6 71. Kg7 Kb5 72. h7 Kxa6 73. h8=Q Kxb7 74. Qb8+ Ka6 75. Qc7 Ka5 76. b7+ Ka6 77. Qb6# 1-0


[Site "https://www.chess.com"]

[Event "Titled Tuesday Blitz January 25 2022"]
[White "Panesar Vedant"]
[Black "Di Nicolantonio, Lucas"]
[WhiteFideId "35033018"]
[BlackFideId "680460"]
[WhiteElo "1971"]
[BlackElo "2381"]
[Result "0-1"]
[Round "09"]
[TimeControl "180+1"]
[Date "2022.01.26"]
[WhiteClock "0:00:14"]
[BlackClock "0:00:16"]

1. d4 Nf6 2. c4 e5 3. dxe5 Ng4 4. Bf4 Nc6 5. Nf3 Bb4+ 6. Nbd2 Qe7 7. e3 Ngxe5 8. Nxe5 Nxe5 9. a3 Bxd2+ 10. Qxd2 d6 11. Be2 b6 12. O-O Bb7 13. b4 Ng6 14. Bg3 h5 15. c5 dxc5 16. Bb5+ Kf8 17. bxc5 h4 18. Bf4 Nxf4 19. exf4 Qxc5 20. Qd7 Qd5 21. Qxd5 Bxd5 22. Rad1 c6 23. Rfe1 Rh6 24. Bf1 Re6 25. Rxe6 fxe6 26. g3 c5 27. gxh4 Rc8 28. Bg2 Bxg2 29. Kxg2 c4 30. Kf3 b5 31. Rb1 Rc5 32. Ke4 Ke7 33. Rg1 Kf6 34. Kd4 Rd5+ 35. Kc3 a5 36. Rg3 Rc5 37. Re3 Rc8 38. Re5 Rb8 39. h5 b4+ 40. axb4 axb4+ 41. Kxc4 b3 42. Re1 b2 43. Rb1 Kf5 44. Kc3 Kxf4 45. Kc2 Kf3 46. Rxb2 Rxb2+ 47. Kxb2 Kxf2 48. Kc3 e5 49. Kc4 e4 50. Kd5 e3 51. Ke6 e2 52. Kf7 e1=Q 53. Kxg7 Qe7+ 54. Kg6 Qf8 55. h6 Qh8 56. h7 Kf3 57. h4 Kg4 58. h5 Kh4 59. Kh6 Qf6# 0-1


[Site "https://www.chess.com"]

[Event "Titled Tuesday Blitz January 25 2022"]
[White "Papasimakopoulos, Alexandros"]
[Black "Papp, Petra"]
[WhiteFideId "4244125"]
[BlackFideId "739049"]
[WhiteElo "2340"]
[BlackElo "2259"]
[Result "0-1"]
[Round "09"]
[TimeControl "180+1"]
[Date "2022.01.26"]
[WhiteClock "0:00:04"]
[BlackClock "0:00:19"]

1. d4 d6 2. Nf3 f5 3. c4 Nf6 4. Nc3 g6 5. g3 Bg7 6. Bg2 O-O 7. O-O c6 8. d5 e5 9. dxe6 Bxe6 10. Bf4 Bxc4 11. Qxd6 Qxd6 12. Bxd6 Rd8 13. Rfd1 Na6 14. Ne5 Be6 15. Rac1 Nd5 16. Nxd5 cxd5 17. Rxd5 Bxe5 18. Rxe5 Rxd6 19. Bxb7 Rb8 20. Rxe6 Rxe6 21. Bd5 Rb6 22. e3 Kg7 23. Bxe6 Rxe6 24. a3 Re7 25. Kf1 Rc7 26. Rd1 Nc5 27. Rc1 Ne6 28. Rd1 Kf6 29. h4 h5 30. Kg2 Rc2 31. Rd7 a5 32. Ra7 Rc5 33. Kf3 Rb5 34. Ra6 Rxb2 35. Rxa5 Rc2 36. Ra6 Ke5 37. Kg2 Nc5 38. Rxg6 Ne4 39. Rh6 Rxf2+ 40. Kg1 Rf3 41. Rxh5 Rxg3+ 42. Kh2 Rxe3 43. Rh8 Rxa3 44. h5 Nf6 45. h6 Ng4+ 46. Kg2 Kf4 47. h7 Ra2+ 48. Kf1 Nf6 49. Ke1 Ra7 0-1


[Site "https://www.chess.com"]

[Event "Titled Tuesday Blitz January 25 2022"]
[White "Papp, Levente"]
[Black "Tarasova, Viktoriya"]
[WhiteFideId "751243"]
[BlackFideId "4175840"]
[WhiteElo "2308"]
[BlackElo "2182"]
[Result "0-1"]
[Round "09"]
[TimeControl "180+1"]
[Date "2022.01.26"]
[WhiteClock "0:01:10"]
[BlackClock "0:01:13"]

1. c4 Nf6 2. Nc3 e5 3. e3 Bb4 4. Nge2 c6 5. a3 Be7 6. d4 exd4 7. exd4 d5 8. Ng3 O-O 9. cxd5 cxd5 10. Be2 Re8 11. O-O Nc6 12. Be3 a6 13. Rc1 h6 14. Qd2 Bf8 15. f3 Bd7 16. Bd3 Rc8 17. b4 Na7 18. Bf4 Qb6 19. Kh1 Nb5 20. Nxb5 Bxb5 21. Nf5 Bxd3 22. Qxd3 Qe6 23. Rxc8 Rxc8 24. Bd2 Qc6 25. Rc1 Qxc1+ 0-1


[Site "https://www.chess.com"]

[Event "Titled Tuesday Blitz January 25 2022"]
[White "Pesotskiy, Mikhail"]
[Black "Khripachenko, Alexander"]
[WhiteFideId "34164453"]
[BlackFideId "54184975"]
[WhiteElo "2010"]
[BlackElo "2177"]
[Result "0-1"]
[Round "09"]
[TimeControl "180+1"]
[Date "2022.01.26"]
[WhiteClock "0:00:00"]
[BlackClock "0:01:23"]

1. d4 Nf6 2. c4 g6 3. Nc3 d5 4. Bg5 Ne4 5. Nxe4 dxe4 6. Qd2 Bg7 7. e3 c5 8. d5 Qb6 9. Rb1 h6 10. Bh4 g5 11. Bg3 e6 12. Ne2 exd5 13. cxd5 O-O 14. Nc3 Bf5 15. h4 Nd7 16. Be2 Rad8 17. hxg5 hxg5 18. Rh5 Qg6 19. Kd1 Ne5 20. Kc2 Nd3 21. Rbh1 b5 22. Bxd3 exd3+ 23. Kc1 b4 24. Nd1 Bg4 25. R5h2 Rxd5 26. f3 Be6 27. e4 Rd7 28. Ne3 c4 29. Qxb4 c3 30. bxc3 Rc8 31. c4 d2+ 32. Kd1 Qf6 33. Ke2 Qd4 34. Rd1 Qd3+ 35. Kf2 Bd4 36. Qxd2 Bxe3+ 37. Qxe3 Qxe3+ 38. Kxe3 Rxd1 0-1


[Site "https://www.chess.com"]

[Event "Titled Tuesday Blitz January 25 2022"]
[White "Petrovskyi, Vadym"]
[Black "Gerasimenyuk, Mikhail"]
[WhiteFideId "14165210"]
[BlackFideId "14111845"]
[WhiteElo "2424"]
[BlackElo "2181"]
[Result "1-0"]
[Round "09"]
[TimeControl "180+1"]
[Date "2022.01.26"]
[WhiteClock "0:00:06"]
[BlackClock "0:00:09"]

1. e4 d5 2. exd5 Qxd5 3. Nc3 Qa5 4. d4 Nf6 5. Nf3 Bg4 6. h3 Qh5 7. hxg4 Qxh1 8. Ne2 g5 9. Bxg5 Ne4 10. Bf4 Nc6 11. Qd3 f5 12. gxf5 Nxf2 13. Kxf2 Qh5 14. d5 O-O-O 15. Qe4 e5 16. Be3 Ne7 17. Ng3 Qe8 18. c4 Bg7 19. Rc1 Rf8 20. Bd3 h5 21. Kg1 Bf6 22. b4 Rg8 23. Ne2 Rg4 24. Bf4 Qg8 25. Nxe5 Bxe5 26. Qxe5 Rxg2+ 27. Kf1 Rd7 28. f6 Ng6 29. Bxg6 Qxg6 30. c5 Qg4 31. c6 bxc6 32. Qe8+ Rd8 33. Qe6+ Qxe6 34. dxe6 Rg6 35. Be5 Rd5 36. Nf4 Rxe5 37. Nxg6 Rf5+ 38. Ke2 Rxf6 39. Rxc6 Kb7 40. Ne5 Rf5 41. Rc5 Rf6 42. Rc6 Rf5 43. Rc5 a6 44. Kd3 Rf6 45. Rc6 Rf4 46. a3 a5 47. bxa5 Rf5 48. a6+ Ka7 49. Ke4 Rf1 50. e7 Re1+ 51. Kf5 h4 52. e8=Q Rf1+ 53. Ke6 1-0


[Site "https://www.chess.com"]

[Event "Titled Tuesday Blitz January 25 2022"]
[White "Piesik, Piotr"]
[Black "Ruperez Benito, Antonio"]
[WhiteFideId "1136194"]
[BlackFideId "22245049"]
[WhiteElo "2232"]
[BlackElo "2249"]
[Result "1-0"]
[Round "09"]
[TimeControl "180+1"]
[Date "2022.01.26"]
[WhiteClock "0:01:31"]
[BlackClock "0:00:03"]

1. Nf3 Nf6 2. g3 g6 3. Bg2 Bg7 4. O-O O-O 5. d4 d5 6. c4 c6 7. Nc3 dxc4 8. a4 Nbd7 9. a5 Nd5 10. Qa4 Nxc3 11. bxc3 e5 12. Qxc4 exd4 13. cxd4 Nf6 14. e3 Be6 15. Qb4 Rb8 16. Ba3 Re8 17. Rab1 Nd5 18. Qd2 Bf5 19. Rb3 b6 20. axb6 axb6 21. Rc1 Qd7 22. Ne1 Ra8 23. Nd3 h5 24. h4 Ra5 25. Nb2 Rea8 26. Nc4 Rb5 27. Rxb5 cxb5 28. Bxd5 Qxd5 29. Nxb6 Qb7 30. Nxa8 Qxa8 31. Bb4 Bh3 32. d5 Be5 33. Kh2 Bf5 34. Bc3 Bd6 35. Qd4 Kf8 36. Qh8+ Ke7 37. Qxa8 1-0


[Site "https://www.chess.com"]

[Event "Titled Tuesday Blitz January 25 2022"]
[White "Piorun, Kacper"]
[Black "Aradhya, Garg"]
[WhiteFideId "1130420"]
[BlackFideId "25006746"]
[WhiteElo "2571"]
[BlackElo "2169"]
[Result "1-0"]
[Round "09"]
[TimeControl "180+1"]
[Date "2022.01.26"]
[WhiteClock "0:00:11"]
[BlackClock "0:00:04"]

1. c4 e5 2. g3 Nf6 3. Bg2 Nc6 4. Nc3 g6 5. e4 Bg7 6. Nge2 d6 7. O-O O-O 8. d3 Be6 9. Nd5 Nd7 10. Be3 Ne7 11. Qd2 c6 12. Nxe7+ Qxe7 13. b3 Rfd8 14. Rae1 a5 15. f4 f6 16. f5 Bf7 17. g4 d5 18. exd5 cxd5 19. cxd5 Qb4 20. h3 Qxd2 21. Bxd2 Nb6 22. Nc3 Nxd5 23. Ne4 gxf5 24. Rxf5 Be6 25. Rf2 b6 26. Ng3 Rac8 27. Nh5 Rd6 28. d4 Bh8 29. dxe5 fxe5 30. Ref1 Ne7 31. Bh6 Ng6 32. Nf6+ Bxf6 33. Rxf6 Rcd8 34. Be4 Bd5 35. Rxd6 Rxd6 36. Rd1 Ne7 37. Bg5 Bxe4 38. Rxd6 Nd5 39. Rd7 Nb4 40. Bh6 Nxa2 41. Rg7+ Kf8 42. Rxh7+ Ke8 43. Rg7 Nc1 44. Bg5 Nxb3 45. Re7+ Kf8 46. Rxe5 Bg6 47. h4 Nd4 48. Kf2 Bf7 49. h5 Nc6 50. Re3 a4 51. Kg3 Bb3 52. h6 Kg8 53. Bf6 Kh7 54. g5 b5 55. Rc3 Nb4 56. Rc7+ Kg6 57. h7 Nd5 58. Rg7+ Kf5 59. h8=Q Nxf6 60. gxf6 Kxf6 61. Qh6+ Kf5 62. Qf4+ Ke6 63. Rg6+ Kd5 64. Rd6+ Kc5 65. Qd4# 1-0


[Site "https://www.chess.com"]

[Event "Titled Tuesday Blitz January 25 2022"]
[White "Poliannikov, Danila"]
[Black "Wagner, Dennis"]
[WhiteFideId "30935245"]
[BlackFideId "24650684"]
[WhiteElo "2556"]
[BlackElo "2355"]
[Result "0-1"]
[Round "09"]
[TimeControl "180+1"]
[Date "2022.01.26"]
[WhiteClock "0:00:01"]
[BlackClock "0:00:07"]

1. Nf3 d5 2. e3 Nf6 3. c4 e6 4. b3 c5 5. Bb2 Nc6 6. d4 cxd4 7. Nxd4 Bb4+ 8. Bc3 Be7 9. Nd2 O-O 10. Be2 Bd7 11. O-O Rc8 12. Rc1 a6 13. Bb2 Nxd4 14. Bxd4 Ba3 15. Ra1 Qe7 16. cxd5 Nxd5 17. Nc4 Bb4 18. Rc1 b5 19. Ne5 Rxc1 20. Qxc1 Rc8 21. Qb2 Bc3 22. Bxc3 Nxc3 23. Bf3 b4 24. Be2 a5 25. Bc4 Be8 26. a3 Qd6 27. Nf3 h6 28. axb4 axb4 29. Qd2 Rd8 30. Qxd6 Rxd6 31. Ra1 Bc6 32. Nd4 Bd7 33. Nc2 Rb6 34. Ra6 Rb8 35. Rd6 Be8 36. Rd4 g5 37. Bf1 Nd5 38. e4 Nf4 39. g3 Ng6 40. Rxb4 Ra8 41. Rc4 Kg7 42. Rc3 Ra2 43. Ne3 Rb2 44. Bc4 Ne5 45. Kg2 g4 46. Bd3 h5 47. Bc2 Nf3 48. Nc4 Rxc2 49. Re3 Rc1 50. h3 Rg1# 0-1


[Site "https://www.chess.com"]

[Event "Titled Tuesday Blitz January 25 2022"]
[White "Postnikov, Daniil"]
[Black "Efremova, Yulia"]
[WhiteFideId "4166329"]
[BlackFideId "14113953"]
[WhiteElo "2261"]
[BlackElo "2107"]
[Result "1-0"]
[Round "09"]
[TimeControl "180+1"]
[Date "2022.01.26"]
[WhiteClock "0:00:45"]
[BlackClock "0:00:14"]

1. e4 d5 2. exd5 Qxd5 3. Nc3 Qa5 4. d4 Nf6 5. Nf3 Bg4 6. Bc4 Nc6 7. Be3 O-O-O 8. Bxf7 e6 9. h3 Bf5 10. g4 Nxg4 11. hxg4 Bxg4 12. Rh4 Qf5 13. Rxg4 Qxg4 14. Ng5 Qg1+ 15. Ke2 Qg4+ 16. f3 Qg2+ 17. Ke1 Bd6 18. Bxe6+ Kb8 19. Qe2 Bg3+ 20. Kd2 Qxe2+ 21. Kxe2 Rhe8 22. d5 Nb4 23. Nf7 Nxc2 24. Rg1 Bd6 25. Nxd8 Rxd8 26. Rxg7 h5 27. Ne4 Be5 28. Rh7 Bxb2 29. Rxh5 Nxe3 30. Kxe3 Bc1+ 31. Ke2 a5 32. Rh7 Bf4 33. Rf7 Be5 34. f4 Bb2 35. f5 b5 36. Rd7 Rf8 37. Kf3 b4 38. d6 cxd6 39. Nxd6 Bc3 40. Rb7+ Ka8 41. Bd5 Rh8 42. Rxb4+ Ka7 43. Rb7+ Ka8 1-0


[Site "https://www.chess.com"]

[Event "Titled Tuesday Blitz January 25 2022"]
[White "Pranav, V"]
[Black "Ovetchkin, Roman"]
[WhiteFideId "25060783"]
[BlackFideId "4119991"]
[WhiteElo "2349"]
[BlackElo "2409"]
[Result "0-1"]
[Round "09"]
[TimeControl "180+1"]
[Date "2022.01.26"]
[WhiteClock "0:00:01"]
[BlackClock "0:00:10"]

1. e4 c6 2. d4 d5 3. e5 Bf5 4. Nf3 e6 5. Be2 Nd7 6. c3 Bg6 7. O-O Ne7 8. Re1 c5 9. Bg5 Qb6 10. Na3 a6 11. dxc5 Qxb2 12. Qa4 Nc6 13. Be3 Nxc5 14. Bxc5 Bxc5 15. Nb5 O-O 16. Nd6 b5 17. Qh4 Bxd6 18. exd6 Qa3 19. d7 Rad8 20. Qg3 Rxd7 21. h4 h6 22. Nh2 Qd6 23. Qh3 Ne5 24. h5 Bf5 25. Qh4 Rc8 26. a4 Nd3 27. Bxd3 Bxd3 28. axb5 Bxb5 29. Re3 Rc4 30. Ng4 Qf4 31. Rg3 Kh7 32. Rd1 Rdc7 33. Qh3 d4 34. cxd4 Rc1 35. Rxc1 Rxc1+ 36. Kh2 Qxd4 37. Qh4 Qa1 38. Kh3 Rh1+ 39. Nh2 Qe5 40. Qg4 Be2 41. Qh4 Bd3 42. f3 Bf5+ 0-1


[Site "https://www.chess.com"]

[Event "Titled Tuesday Blitz January 25 2022"]
[White "Punin, Andrii"]
[Black "Lavrov, Maxim"]
[WhiteFideId "14112639"]
[BlackFideId "4166418"]
[WhiteElo "2357"]
[BlackElo "2192"]
[Result "1/2-1/2"]
[Round "09"]
[TimeControl "180+1"]
[Date "2022.01.26"]
[WhiteClock "0:01:19"]
[BlackClock "0:00:40"]

1. e4 e5 2. Nf3 Nc6 3. Bb5 a6 4. Ba4 Nf6 5. O-O Be7 6. Re1 b5 7. Bb3 O-O 8. a4 Bb7 9. d3 d5 10. exd5 Nxd5 11. axb5 axb5 12. Rxa8 Bxa8 13. Nxe5 Nd4 14. c3 Nxb3 15. Qxb3 b4 16. Nd2 bxc3 17. bxc3 Nf4 18. Ndf3 Ng6 19. Nxg6 hxg6 20. Qd1 Bf6 21. d4 Qd5 22. h3 c5 23. Bf4 cxd4 24. cxd4 Rd8 25. Be5 Bxe5 26. Rxe5 Qd6 27. Re1 Qf4 28. Re3 Bxf3 29. Qxf3 Qxf3 30. Rxf3 Rxd4 31. g3 1/2-1/2


[Site "https://www.chess.com"]

[Event "Titled Tuesday Blitz January 25 2022"]
[White "Putnam, Liam"]
[Black "Renjith, Sravan"]
[WhiteFideId "30938279"]
[BlackFideId "4306783"]
[WhiteElo "2035"]
[BlackElo "1863"]
[Result "0-1"]
[Round "09"]
[TimeControl "180+1"]
[Date "2022.01.26"]
[WhiteClock "0:00:09"]
[BlackClock "0:00:11"]

1. e4 e5 2. Nf3 Nc6 3. d4 exd4 4. Bc4 Nf6 5. O-O Nxe4 6. Re1 d5 7. Bxd5 Qxd5 8. Nc3 Qa5 9. Nxe4 Be6 10. Bg5 Bb4 11. Bd2 Bxd2 12. Nexd2 O-O-O 13. Nb3 Qb6 14. Ng5 Bd5 15. Qg4+ Kb8 16. Rad1 h6 17. Nf3 h5 18. Qf4 Bxf3 19. Qxf3 f6 20. h3 Ne5 21. Qf4 c5 22. Qg3 Qc7 23. Re4 b6 24. Rde1 d3 25. cxd3 Rxd3 26. R1e3 Rhd8 27. Kh2 Rxe3 28. Rxe3 h4 29. Qf4 g5 30. Qe4 Nf3+ 0-1


[Site "https://www.chess.com"]

[Event "Titled Tuesday Blitz January 25 2022"]
[White "Rustemov, Alexander"]
[Black "Nozdrachev, Leonid"]
[WhiteFideId "4119002"]
[BlackFideId "24113433"]
[WhiteElo "2715"]
[BlackElo "2124"]
[Result "0-1"]
[Round "09"]
[TimeControl "180+1"]
[Date "2022.01.26"]
[WhiteClock "0:00:26"]
[BlackClock "0:00:08"]

1. d4 Nf6 2. c4 e5 3. dxe5 Ng4 4. Bf4 Nc6 5. Nf3 Bb4+ 6. Nbd2 Qe7 7. a3 Ngxe5 8. Nxe5 Nxe5 9. e3 Bd6 10. Ne4 Nxc4 11. Nxd6+ Nxd6 12. Rc1 Qd8 13. Bxd6 cxd6 14. Qxd6 Qe7 15. Qc7 O-O 16. Be2 Qf6 17. b4 Qb2 18. Qc3 Qxc3+ 19. Rxc3 d6 20. Bf3 Rb8 21. Rc7 a5 22. b5 b6 23. Kd2 Be6 24. Bb7 g5 25. Rhc1 Kg7 26. R1c6 Bd5 27. Rxb6 Bxg2 28. Kd3 Rfe8 29. Kd4 h5 30. a4 h4 31. Bxg2 Rxb6 32. Bd5 Rf8 33. Bc6 Rh8 34. Bd5 Rf8 35. Ra7 Kf6 36. Rxa5 Rc8 37. Ra7 Rc2 38. Rxf7+ Kg6 39. h3 Rd2+ 40. Kc4 Rxd5 41. Kxd5 Kxf7 42. f3 Ke7 43. Kc4 Ke6 44. a5 Rb8 45. b6 Kd7 46. Kb5 Rc8 47. a6 Rc5+ 48. Kb4 Kc6 49. b7 Kc7 50. e4 Kb8 51. e5 Rxe5 52. Kc4 Rc5+ 53. Kd4 Re5 54. Kc4 Rc5+ 55. Kd4 Ka7 56. Ke4 Rb5 57. f4 gxf4 58. Kxf4 Kxa6 59. Kg4 Rxb7 60. Kxh4 Re7 61. Kg5 d5 62. Kf6 Re3 63. h4 d4 64. h5 d3 65. h6 Rh3 66. Kg5 Rxh6 67. Kxh6 d2 0-1


[Site "https://www.chess.com"]

[Event "Titled Tuesday Blitz January 25 2022"]
[White "Rychagov, Andrey"]
[Black "Odegov, Artem"]
[WhiteFideId "4119932"]
[BlackFideId "34183644"]
[WhiteElo "2500"]
[BlackElo "2277"]
[Result "1-0"]
[Round "09"]
[TimeControl "180+1"]
[Date "2022.01.26"]
[WhiteClock "0:01:53"]
[BlackClock "0:01:08"]

1. d4 Nf6 2. c4 c5 3. d5 e6 4. Nc3 exd5 5. cxd5 g6 6. Nf3 Bg7 7. Bf4 O-O 8. e3 d6 9. h3 Qe7 10. Nd2 Nfd7 11. Be2 a6 12. a4 b6 13. Nc4 Ne5 14. Nxb6 Ra7 15. O-O Nbd7 16. Nxc8 Rxc8 17. a5 Rb8 18. Na4 g5 19. Bg3 Ng6 20. Qc2 Rb4 21. Ra2 Nde5 22. Nb6 Nd7 23. Nc8 Qe4 24. Qxe4 1-0


[Site "https://www.chess.com"]

[Event "Titled Tuesday Blitz January 25 2022"]
[White "Sadhwani, Raunak"]
[Black "Cunjalo, Faris"]
[WhiteFideId "35093487"]
[BlackFideId "14410710"]
[WhiteElo "2616"]
[BlackElo "2263"]
[Result "1-0"]
[Round "09"]
[TimeControl "180+1"]
[Date "2022.01.26"]
[WhiteClock "0:00:09"]
[BlackClock "0:00:01"]

1. e4 c5 2. Nf3 d6 3. Bb5+ Nd7 4. Ba4 Nf6 5. O-O e6 6. Re1 Be7 7. c4 O-O 8. Nc3 a6 9. d3 b6 10. h3 Bb7 11. a3 Qc7 12. Bf4 Ne5 13. Rc1 Rfd8 14. b4 h6 15. Bg3 Ng6 16. d4 cxd4 17. Nxd4 Ne5 18. Bb3 Rac8 19. Qd2 Qb8 20. Qe2 Nc6 21. Red1 Nxd4 22. Rxd4 Qa8 23. f3 Ne8 24. Rdd1 Bc6 25. Nd5 exd5 26. exd5 Bg5 27. f4 Bf6 28. dxc6 Qxc6 29. Qh5 Nc7 30. c5 d5 31. cxb6 Qxb6+ 32. Bf2 Qd6 33. g3 Qd7 34. Qg4 Qxg4 35. hxg4 Nb5 36. Rxc8 Rxc8 37. Bc5 d4 38. Rf1 Nxa3 39. Ra1 Nb5 40. Rxa6 d3 41. Kf1 Rd8 42. Rb6 d2 43. Rxb5 d1=Q+ 44. Bxd1 Rxd1+ 45. Ke2 Rb1 46. Rb8+ Kh7 47. Rb7 Kg6 48. b5 Rb3 49. Be3 Rb2+ 50. Kf3 Rb3 51. f5+ Kh7 52. Ke4 Rb4+ 53. Kd5 Rb3 54. Bf4 Kg8 55. b6 1-0


[Site "https://www.chess.com"]

[Event "Titled Tuesday Blitz January 25 2022"]
[White "Sadovsky, Artem"]
[Black "FGHSMN"]
[WhiteFideId "4155840"]
[WhiteElo "2369"]
[BlackElo "2715"]
[Result "0-1"]
[Round "09"]
[TimeControl "180+1"]
[Date "2022.01.26"]
[WhiteClock "0:00:01"]
[BlackClock "0:01:02"]

1. Nf3 d5 2. e3 Nf6 3. c4 c6 4. b3 e6 5. Bb2 Bd6 6. d4 Nbd7 7. Bd3 Qe7 8. Nbd2 O-O 9. Ne5 Ba3 10. Bxa3 Qxa3 11. f4 dxc4 12. Ndxc4 Qe7 13. O-O Nd5 14. Rf3 N7f6 15. g4 g6 16. Rh3 c5 17. g5 Ne8 18. dxc5 Qxc5 19. Rc1 Nxf4 20. Rh4 Nxd3 21. Nxd3 Qxg5+ 22. Rg4 Qe7 23. Nf4 Ng7 24. Rg2 Rd8 25. Qg4 e5 26. Qh4 Qxh4 0-1


[Site "https://www.chess.com"]